[Event "2026 European Womens Championship"]
[Site "Batumi, GE"]
[Date "2026.05.30"]
[Round "6"]
[White "Khurtsilava, Inga"]
[Black "Rusitashvili, Tea"]
[Result "1-0"]
[Board "107"]
[TimeControl "5400+30"]
[WhiteFideId "13600419"]
[BlackFideId "13640771"]
[WhiteElo "2175"]
[BlackElo "1929"]
[WhiteTitle "WGM"]
[BlackTitle "WCM"]
[WhiteClock "0:23:47"]
[BlackClock "0:01:17"]
[Variant "Standard"]

1. b3 d5 2. Bb2 c5 3. e3 Nf6 4. f4 g6 5. Nf3 Bg7 6. Bb5+ Nbd7 7. O-O O-O 8. Qe1 a6 9. Bxd7 Bxd7 10. d3 Rc8 11. Nbd2 Bg4 12. Qh4 Bxf3 13. Nxf3 c4 14. Bd4 cxd3 15. cxd3 Rc2 16. f5 Nh5 17. g4 Bf6 18. Qh3 Ng7 19. Qh6 e5 20. Bxe5 Bxe5 21. Nxe5 Qd6 22. Nf3 Ne8 23. Ng5 Nf6 24. Rf3 Rfc8 25. Raf1 Rc1 26. Nxf7 Qb4 27. d4 Rxf1+ 28. Rxf1 Kxf7 29. fxg6+ hxg6 30. g5 Rc6 31. Qh7+ Ke8 32. gxf6 Qf8 33. Qxb7 Rxf6 34. Qc8+ Ke7 35. Qxf8+ Rxf8 36. Rxf8 1-0

[Event "2026 European Womens Championship"]
[Site "Batumi, GE"]
[Date "2026.05.30"]
[Round "6"]
[White "Avetisyan, Ani"]
[Black "Starosta, Martyna"]
[Result "1-0"]
[Board "108"]
[TimeControl "5400+30"]
[WhiteFideId "13319035"]
[BlackFideId "21818754"]
[WhiteElo "2052"]
[BlackElo "2175"]
[BlackTitle "WIM"]
[WhiteClock "0:21:55"]
[BlackClock "0:02:18"]
[Variant "Standard"]

1. d4 d5 2. c4 e6 3. Nc3 Nf6 4. cxd5 exd5 5. Bg5 Be6 6. e3 Nbd7 7. Bd3 c6 8. h3 Be7 9. Nge2 Nh5 10. Bxe7 Qxe7 11. Qc2 g6 12. O-O-O O-O-O 13. Kb1 Kb8 14. g4 Ng7 15. Nf4 h5 16. f3 Nb6 17. Rde1 hxg4 18. hxg4 Rxh1 19. Rxh1 Bc8 20. Qf2 Ne8 21. Rh7 Qf6 22. Qg3 Nd6 23. g5 Qe7 24. e4 dxe4 25. fxe4 Qe8 26. b3 Ka8 27. Bc2 a6 28. Qg2 Qf8 29. Nd3 Ne8 30. Qf2 f5 31. d5 cxd5 32. Qxb6 Rd6 33. Qc5 Kb8 34. e5 Qg8 35. exd6 Qxh7 36. Nxd5 Qh1+ 37. Kb2 Qh8+ 38. Nf6 Nxf6 39. Qe5 1-0

[Event "2026 European Womens Championship"]
[Site "Batumi, GE"]
[Date "2026.05.30"]
[Round "6"]
[White "Odisharia, Teona"]
[Black "Diasamidze, Lulu"]
[Result "1-0"]
[Board "109"]
[TimeControl "5400+30"]
[WhiteFideId "13602322"]
[BlackFideId "13623818"]
[WhiteElo "2167"]
[BlackElo "1924"]
[WhiteTitle "WFM"]
[WhiteClock "0:21:28"]
[BlackClock "0:42:03"]
[Variant "Standard"]

1. e4 c5 2. Nf3 e6 3. d4 cxd4 4. Nxd4 Nf6 5. Nc3 Nc6 6. Ndb5 d6 7. Bf4 e5 8. Bg5 a6 9. Na3 b5 10. Nd5 Be7 11. Bxf6 Bxf6 12. c4 b4 13. Nc2 a5 14. b3 O-O 15. g3 g6 16. Bg2 Bg7 17. O-O Be6 18. Qd3 Qb8 19. Rad1 Rd8 20. Kh1 Qa7 21. f4 Bxd5 22. Qxd5 Qc5 23. Qd3 a4 24. Qe2 axb3 25. axb3 Ra2 26. Rd5 Qb6 27. Qd1 Qc7 28. f5 Ra5 29. Rd3 Bh6 30. Qe1 Qb6 31. g4 Bf4 32. Qh4 Ra2 33. Ne1 Re2 34. Rh3 h6 35. fxg6 fxg6 36. Qf6 Qa7 37. Qxg6+ Qg7 38. Qe6+ Qf7 39. Qxf7+ Kxf7 40. Nd3 Kg6 41. Rxf4 Rxg2 42. Kxg2 exf4 43. Nxf4+ Kf6 44. Rh5 Ne5 45. Rxh6+ Kg5 46. Ne6+ Kxh6 47. Nxd8 Nxc4 48. Nc6 Nd2 49. Nxb4 Nxb3 50. Kg3 Nc5 51. Kf4 Kg6 52. h4 Ne6+ 53. Ke3 1-0

[Event "2026 European Womens Championship"]
[Site "Batumi, GE"]
[Date "2026.05.30"]
[Round "6"]
[White "Berke, Ana"]
[Black "Hariharan, Shambavi"]
[Result "1/2-1/2"]
[Board "110"]
[TimeControl "5400+30"]
[WhiteFideId "14510359"]
[BlackFideId "488160"]
[WhiteElo "2164"]
[BlackElo "2008"]
[WhiteTitle "WIM"]
[BlackTitle "WFM"]
[WhiteClock "0:35:02"]
[BlackClock "0:30:16"]
[Variant "Standard"]

1. e4 e5 2. Nf3 Nc6 3. Bb5 a6 4. Ba4 Nf6 5. O-O Be7 6. Re1 b5 7. Bb3 O-O 8. a4 Bb7 9. c3 d5 10. axb5 axb5 11. Rxa8 Bxa8 12. exd5 Nxd5 13. d4 exd4 14. Qd3 b4 15. Bc2 g6 16. Bh6 Re8 17. cxd4 Bf6 18. Rxe8+ Qxe8 19. Nbd2 Bh8 20. h4 Nce7 21. Qe2 Bg7 22. Bxg7 Kxg7 23. h5 Qc6 24. Be4 Qf6 25. Ne5 Qe6 26. Qb5 f6 27. Qe8 Qg8 28. Qxg8+ Nxg8 29. Nd3 Nge7 30. hxg6 hxg6 31. Nxb4 Nxb4 32. Bxa8 c6 33. Kf1 Kf7 34. Ke2 Ke6 35. Ne4 f5 36. Nc3 Kd6 37. Ke3 g5 38. g4 Kc7 39. gxf5 Nxf5+ 40. Kf3 Nxd4+ 41. Kg4 Nd3 42. Nd1 Kb8 43. Bxc6 Nxc6 44. Kxg5 Kb7 45. f4 Nd4 46. f5 Nxf5 47. Kxf5 Nxb2 48. Nxb2 1/2-1/2

[Event "2026 European Womens Championship"]
[Site "Batumi, GE"]
[Date "2026.05.30"]
[Round "6"]
[White "Huseynova, Lala"]
[Black "Ashotia, Barbare"]
[Result "1/2-1/2"]
[Board "111"]
[TimeControl "5400+30"]
[WhiteFideId "13431781"]
[BlackFideId "13625187"]
[WhiteElo "2149"]
[BlackElo "1913"]
[WhiteTitle "WFM"]
[WhiteClock "0:03:01"]
[BlackClock "0:32:47"]
[Variant "Standard"]

1. e4 c5 2. Nf3 e6 3. d4 cxd4 4. Nxd4 Nc6 5. Nc3 Nf6 6. a3 d6 7. Be3 Be7 8. f3 a6 9. Qd2 d5 10. exd5 Nxd5 11. Nxd5 Qxd5 12. O-O-O Nxd4 13. Qxd4 Qxd4 14. Bxd4 Bg5+ 15. Kb1 Bf6 16. Bxf6 gxf6 17. c4 Bd7 18. b4 Bc6 19. Kb2 Rg8 20. Kb3 Rd8 21. Rxd8+ Kxd8 22. a4 b6 23. h4 Rg3 24. b5 axb5 25. axb5 Bb7 26. Kb4 e5 27. c5 bxc5+ 28. Kxc5 f5 29. Kb6 Kc8 30. Ka7 e4 31. Be2 exf3 32. Rc1+ Kd7 33. Bxf3 Bxf3 34. gxf3 Rxf3 35. b6 Ra3+ 36. Kb8 Rb3 37. b7 h5 38. Rc7+ Ke6 39. Kc8 f4 40. b8=Q Rxb8+ 41. Kxb8 Kf5 42. Rxf7+ Kg4 43. Kc7 Kxh4 44. Kd6 Kg3 45. Ke5 h4 46. Rg7+ Kf3 47. Rh7 Kg3 48. Ke4 h3 49. Kd3 Kg2 50. Ke2 f3+ 51. Ke3 h2 52. Rg7+ Kf1 53. Rh7 Kg2 54. Rxh2+ Kxh2 55. Kxf3 1/2-1/2

[Event "2026 European Womens Championship"]
[Site "Batumi, GE"]
[Date "2026.05.30"]
[Round "6"]
[White "Demirtas, Hafize"]
[Black "Mamedjarova, Zeinab"]
[Result "1-0"]
[Board "112"]
[TimeControl "5400+30"]
[WhiteFideId "6382070"]
[BlackFideId "13401521"]
[WhiteElo "1928"]
[BlackElo "2137"]
[BlackTitle "WGM"]
[WhiteClock "0:02:44"]
[BlackClock "0:01:12"]
[Variant "Standard"]

1. e4 e5 2. Nf3 d6 3. d4 Nd7 4. Nc3 Ngf6 5. Bc4 Be7 6. O-O O-O 7. Re1 c6 8. a4 a5 9. h3 Qc7 10. Be3 Nxe4 11. Nxe4 d5 12. Ned2 e4 13. Be2 exf3 14. Nxf3 Nf6 15. Bd3 Ne4 16. c3 f5 17. Qc2 Bd6 18. Ne5 f4 19. Bc1 g5 20. Bxe4 dxe4 21. Qxe4 Bf5 22. Qe2 Rae8 23. Bd2 Qg7 24. Qh5 Re6 25. Ng4 Rg6 26. c4 f3 27. Bc3 fxg2 28. d5 Qf7 29. Nh6+ Rxh6 30. Qxh6 Bg6 31. Bd4 Bf4 32. Re6 g4 33. Qh4 gxh3 34. Qxh3 cxd5 35. cxd5 Bb8 36. Rae1 Bc7 37. Re7 Qxd5 38. Rg7+ Kh8 39. Rxh7+ 1-0

[Event "2026 European Womens Championship"]
[Site "Batumi, GE"]
[Date "2026.05.30"]
[Round "6"]
[White "Kalayci, Nino"]
[Black "Dwilewicz, Katarzyna"]
[Result "0-1"]
[Board "113"]
[TimeControl "5400+30"]
[WhiteFideId "13603221"]
[BlackFideId "1148486"]
[WhiteElo "1755"]
[BlackElo "2131"]
[WhiteTitle "WCM"]
[BlackTitle "WIM"]
[WhiteClock "0:00:33"]
[BlackClock "0:21:06"]
[Variant "Standard"]

1. d4 Nf6 2. c4 e6 3. Nc3 d5 4. cxd5 exd5 5. Bg5 Bb4 6. e3 h6 7. Bxf6 Qxf6 8. Qb3 c5 9. Bb5+ Nc6 10. Qxd5 O-O 11. Bxc6 bxc6 12. Qf3 Qg6 13. Nge2 Bg4 14. Qg3 cxd4 15. Nxd4 Bd6 16. Qh4 Rab8 17. O-O Rxb2 18. h3 Bc8 19. Rab1 Rxb1 20. Rxb1 c5 21. Nde2 Ba6 22. Rd1 Be5 23. Nd5 Qc2 24. Ne7+ Kh8 25. Re1 Bxe2 26. f4 Bf6 0-1

[Event "2026 European Womens Championship"]
[Site "Batumi, GE"]
[Date "2026.05.30"]
[Round "6"]
[White "Vidic, Teja"]
[Black "Kalandadze, Mariam"]
[Result "1-0"]
[Board "114"]
[TimeControl "5400+30"]
[WhiteFideId "14605511"]
[BlackFideId "13621122"]
[WhiteElo "2123"]
[BlackElo "1892"]
[WhiteTitle "WIM"]
[WhiteClock "0:03:59"]
[BlackClock "0:09:18"]
[Variant "Standard"]

1. e4 c5 2. Nf3 d6 3. c3 Nf6 4. Be2 g6 5. O-O Bg7 6. Bb5+ Bd7 7. Bxd7+ Qxd7 8. Re1 O-O 9. d4 cxd4 10. cxd4 Nc6 11. Nc3 a6 12. d5 Na5 13. Qd3 b5 14. h3 Rfc8 15. Ne2 Rc4 16. Ned4 Rac8 17. b3 R4c7 18. Bd2 Nb7 19. b4 Nd8 20. a4 bxa4 21. Qxa6 Ra7 22. Qd3 e6 23. dxe6 Nxe6 24. Be3 Rb7 25. Nxe6 Qxe6 26. Rxa4 Qxe4 27. Qxd6 Qc2 28. Rc1 Qf5 29. Rxc8+ Qxc8 30. Ra7 Rxa7 31. Bxa7 Qc1+ 32. Kh2 h5 33. Qd8+ Bf8 34. Bc5 Qf4+ 35. g3 Qxf3 36. Qxf8+ Kh7 37. Qxf7+ Kh6 38. Qf8+ Kh7 39. Qe7+ Kg8 40. Qe6+ Kh7 41. Bd4 1-0

[Event "2026 European Womens Championship"]
[Site "Batumi, GE"]
[Date "2026.05.30"]
[Round "6"]
[White "Kalyoncu, Beren"]
[Black "Ivanytska, Liudmyla"]
[Result "0-1"]
[Board "115"]
[TimeControl "5400+30"]
[WhiteFideId "51608383"]
[BlackFideId "14176211"]
[WhiteElo "1840"]
[BlackElo "2112"]
[WhiteTitle "WCM"]
[WhiteClock "0:17:14"]
[BlackClock "1:17:12"]
[Variant "Standard"]

1. e4 c5 2. c3 Nf6 3. e5 Nd5 4. Nf3 e6 5. d4 cxd4 6. cxd4 d6 7. Bc4 Be7 8. O-O O-O 9. Qe2 b6 10. Rd1 Bb7 11. Bd2 Nd7 12. Nc3 Nxc3 13. Bxc3 dxe5 14. dxe5 Qc7 15. Bb3 Nc5 16. Bc2 Rfd8 17. Nd4 a5 18. Qh5 Be4 19. Rac1 Bxc2 20. Rxc2 Rd5 21. Nb5 Qc6 22. Rxd5 Qxd5 23. a3 Ne4 24. Nc7 Qd3 25. Qe2 Qxe2 26. Rxe2 Nxc3 27. bxc3 Rd8 28. g3 Bxa3 29. Ra2 Bf8 30. Rb2 Rc8 31. Nb5 g5 32. Nd6 Rc6 33. Ne4 Be7 34. Ra2 Rc4 35. f3 g4 36. Kg2 a4 37. Nd2 gxf3+ 38. Nxf3 a3 39. Nd2 Rxc3 40. Kf2 b5 41. Ke2 b4 42. Ne4 Rc1 43. Nf6+ Kg7 44. Ne8+ Kf8 45. Nd6 b3 46. Rxa3 b2 47. Ra8+ Kg7 0-1

[Event "2026 European Womens Championship"]
[Site "Batumi, GE"]
[Date "2026.05.30"]
[Round "6"]
[White "Krkyasharyan, Sona"]
[Black "Tsetskhladze, Mariam"]
[Result "0-1"]
[Board "116"]
[TimeControl "5400+30"]
[WhiteFideId "13316729"]
[BlackFideId "13623834"]
[WhiteElo "2063"]
[BlackElo "2234"]
[WhiteTitle "WFM"]
[BlackTitle "WFM"]
[WhiteClock "0:42:28"]
[BlackClock "0:03:42"]
[Variant "Standard"]

1. d4 Nf6 2. c4 e6 3. Nf3 d5 4. g3 Bb4+ 5. Bd2 a5 6. Bg2 O-O 7. O-O dxc4 8. Qc2 Bxd2 9. Nbxd2 b5 10. a4 c6 11. e4 Na6 12. e5 Nb4 13. Qd1 Nfd5 14. Ne4 h6 15. h4 Ra7 16. Nh2 Ne7 17. Nd6 Nf5 18. Nxf5 exf5 19. axb5 cxb5 20. d5 Nd3 21. Qe2 f4 22. Rad1 Re8 23. gxf4 Nxf4 24. Qe3 Qxh4 25. Kh1 Qg5 26. Rg1 Rae7 27. e6 Nxg2 28. Qxg5 hxg5 29. Rxg2 fxe6 30. d6 Rd7 31. Rxg5 Bb7+ 32. Kg1 Bd5 33. Ng4 Rf8 34. Ne3 Rxd6 35. Nxd5 exd5 36. Rdxd5 Rxd5 37. Rxd5 Rb8 38. Kf1 Kf7 39. Ke2 Ke6 40. Rc5 Kd6 41. Rg5 Rb7 42. Kd2 Kc6 43. Kc3 Rf7 44. Rg6+ Rf6 45. Rxg7 Rf3+ 46. Kc2 Rxf2+ 47. Kc3 Rf3+ 48. Kc2 Kc5 49. Rg5+ Kb4 50. Rg2 a4 51. Rg5 a3 52. bxa3+ Rxa3 53. Rf5 Ra2+ 54. Kb1 Rh2 55. Rg5 Ka4 0-1

[Event "2026 European Womens Championship"]
[Site "Batumi, GE"]
[Date "2026.05.30"]
[Round "6"]
[White "Muradyan, Anahit"]
[Black "Zeliantsova, Kseniya"]
[Result "0-1"]
[Board "117"]
[TimeControl "5400+30"]
[WhiteFideId "13314807"]
[BlackFideId "13512617"]
[WhiteElo "1977"]
[BlackElo "2176"]
[BlackTitle "WFM"]
[WhiteClock "0:46:04"]
[BlackClock "0:17:54"]
[Variant "Standard"]

1. d4 Nf6 2. c4 g6 3. Nc3 d6 4. e4 Bg7 5. h3 O-O 6. Be3 e5 7. d5 c6 8. Nge2 cxd5 9. cxd5 b5 10. a3 Nbd7 11. g4 Nb6 12. Ng3 Nc4 13. Bxc4 bxc4 14. Qd2 Nd7 15. h4 Nc5 16. Bxc5 dxc5 17. f3 Rb8 18. h5 Bf6 19. hxg6 fxg6 20. Qh2 Rf7 21. Nf1 Bg5 22. Qe2 Qf6 23. Nh2 Bh4+ 24. Kd1 Rfb7 25. Rb1 Rb3 26. Qc2 Bg3 27. Ke2 Qf4 28. Nf1 Bxg4 29. Nd2 Bh5 30. Rxh5 gxh5 31. Nxb3 cxb3 32. Qd3 Qh4 33. Qd2 Qh2+ 34. Kd1 Qg1+ 35. Ke2 Qf2+ 36. Kd1 Qf1+ 0-1

[Event "2026 European Womens Championship"]
[Site "Batumi, GE"]
[Date "2026.05.30"]
[Round "6"]
[White "Gueci, Tea"]
[Black "Asatiani, Natali"]
[Result "1-0"]
[Board "118"]
[TimeControl "5400+30"]
[WhiteFideId "872342"]
[BlackFideId "13636715"]
[WhiteElo "2160"]
[BlackElo "1603"]
[WhiteTitle "WIM"]
[WhiteClock "0:24:30"]
[BlackClock "0:03:23"]
[Variant "Standard"]

1. e4 c5 2. Nf3 g6 3. Bc4 Bg7 4. O-O Nc6 5. c3 Nf6 6. e5 Ng8 7. d4 cxd4 8. cxd4 d5 9. Bb5 a6 10. Bxc6+ bxc6 11. h3 e6 12. Nc3 Ne7 13. Na4 O-O 14. Bg5 h6 15. Bd2 Nf5 16. Rc1 Bd7 17. Nc5 Kh7 18. Qa4 Ne7 19. Ba5 Qc8 20. Bb4 Re8 21. Nxd7 Qxd7 22. Bxe7 Rxe7 23. Rxc6 Qb7 24. Qc2 Rb8 25. b3 Qb5 26. h4 Rf8 27. h5 Qb4 28. Rxa6 Bh8 29. Ra4 Qb6 30. Rc1 Qb8 31. Nh4 Qe8 32. hxg6+ fxg6 33. Ra8 1-0

[Event "2026 European Womens Championship"]
[Site "Batumi, GE"]
[Date "2026.05.30"]
[Round "6"]
[White "Donghvani, Nia"]
[Black "Xing, Lida"]
[Result "1/2-1/2"]
[Board "119"]
[TimeControl "5400+30"]
[WhiteFideId "13614649"]
[BlackFideId "13326171"]
[WhiteElo "2117"]
[BlackElo "1598"]
[WhiteTitle "WFM"]
[WhiteClock "0:01:58"]
[BlackClock "0:59:24"]
[Variant "Standard"]

1. Nf3 Nf6 2. c4 g6 3. b3 Bg7 4. Bb2 O-O 5. g3 c5 6. Bg2 Nc6 7. O-O d6 8. Nc3 Bf5 9. d4 Ne4 10. Na4 Qa5 11. h3 h5 12. e3 a6 13. Nh4 e6 14. Bxe4 Bxe4 15. Nc3 Bf5 16. Nxf5 exf5 17. Nd5 Qd8 18. h4 Re8 19. Rb1 cxd4 20. exd4 Re4 21. f3 Re8 22. Qd2 Ne7 23. Nxe7+ Rxe7 24. Rbe1 Qd7 25. Rxe7 Qxe7 26. Re1 Qd7 27. d5 Re8 28. Bxg7 Kxg7 29. Kf2 Qd8 30. Qd4+ f6 31. Rxe8 Qxe8 32. Qb6 Qd7 33. b4 Qa4 34. Qxb7+ Kh6 35. Qe7 Qxa2+ 36. Qe2 Qa4 37. Qe3+ Kg7 38. Qe7+ Kg8 39. Qe6+ Kg7 40. Qe7+ Kg8 41. Qe6+ Kg7 42. c5 Qa2+ 43. Qe2 Qxd5 44. Qe7+ Kg8 45. Qe8+ Kg7 46. Qe7+ Kg8 47. Qe8+ Kg7 48. Qe7+ Kg8 49. Qe8+ Kg7 1/2-1/2

[Event "2026 European Womens Championship"]
[Site "Batumi, GE"]
[Date "2026.05.30"]
[Round "6"]
[White "Esadze, Tamari"]
[Black "Aghaverdiyeva, Maryam"]
[Result "0-1"]
[Board "121"]
[TimeControl "5400+30"]
[WhiteFideId "13611186"]
[BlackFideId "13452509"]
[WhiteElo "1974"]
[BlackElo "2103"]
[BlackTitle "WFM"]
[WhiteClock "0:02:23"]
[BlackClock "0:02:47"]
[Variant "Standard"]

1. e4 c5 2. Nf3 e6 3. d4 cxd4 4. Nxd4 Nc6 5. Nc3 Qc7 6. a3 a6 7. Be2 Nf6 8. Be3 b5 9. O-O Bb7 10. Nxc6 Bxc6 11. Qd4 Qb7 12. f3 Be7 13. Rad1 O-O 14. Kh1 Rfc8 15. g4 d6 16. Qd2 a5 17. g5 Nd7 18. Nd5 Bf8 19. Nf4 Ne5 20. Bd3 b4 21. Qg2 b3 22. c4 Bd7 23. Qe2 Rc7 24. Rc1 Rac8 25. Bd2 a4 26. Ng2 Qa7 27. Ne3 Qd4 28. Rc3 Be7 29. Nf5 exf5 30. Be3 Qxc3 31. bxc3 Nxd3 32. Qxd3 fxe4 33. Qxe4 Bf8 34. c5 dxc5 35. Bf4 Bc6 36. Qf5 Rd7 37. Be5 Rcd8 38. c4 Rd2 39. h4 Bd7 40. Qf4 Bh3 41. Re1 b2 42. Qe4 g6 43. Bc3 Bf5 44. Qe5 R8d4 45. Bxd2 Rxd2 46. Qb8 Re2 47. Rd1 Rd2 48. Re1 Re2 49. Rd1 Bc2 50. Rg1 Bd3 51. Rd1 Rd2 52. Re1 Bf5 53. Rg1 Rc2 54. Qe5 Rf2 55. Qb8 Rxf3 56. Qxb2 Be4 57. Rg2 Rf1+ 58. Kh2 Bd6+ 59. Kh3 Bf5+ 60. Rg4 Rh1+ 61. Kg2 Rh2+ 0-1

[Event "2026 European Womens Championship"]
[Site "Batumi, GE"]
[Date "2026.05.30"]
[Round "6"]
[White "Danielyan, Lilia"]
[Black "Subramanian, Anusha"]
[Result "1/2-1/2"]
[Board "122"]
[TimeControl "5400+30"]
[WhiteFideId "13319841"]
[BlackFideId "477710"]
[WhiteElo "1728"]
[BlackElo "2068"]
[BlackTitle "WFM"]
[WhiteClock "0:11:58"]
[BlackClock "0:24:29"]
[Variant "Standard"]

1. c4 e5 2. Nc3 Nc6 3. g3 f5 4. Bg2 Nf6 5. d3 Bb4 6. Bd2 d6 7. a3 Bxc3 8. Bxc3 O-O 9. e3 f4 10. Nf3 Ne7 11. exf4 exf4 12. Qd2 d5 13. O-O-O c5 14. Qxf4 Ng6 15. Qg5 d4 16. Be1 Qb6 17. b4 Bg4 18. h3 Bxf3 19. Bxf3 cxb4 20. Bxb4 Rfc8 21. Qa5 Qxa5 22. Bxa5 Rab8 23. Bb4 b5 24. Kd2 bxc4 25. dxc4 Rxc4 26. Rc1 Rxc1 27. Rxc1 Ne5 28. Bg2 a5 29. f4 Nf3+ 30. Bxf3 axb4 31. Rb1 b3 32. g4 Kf8 33. Kd3 b2 34. Kc2 d3+ 35. Kc3 d2 36. Kc2 d1=Q+ 37. Rxd1 Nd7 38. Rb1 Nc5 39. Rxb2 Rc8 40. Kd2 Rd8+ 41. Ke2 Re8+ 42. Kd2 Rd8+ 43. Kc2 Rd3 44. Rb5 Rxf3 45. Rxc5 Rxa3 46. Rc3 Ra4 47. Rf3 Kf7 48. Kd3 Kf6 49. Ke3 Ra2 50. Ke4 Ra4+ 51. Ke3 Ra2 52. Ke4 Ra4+ 1/2-1/2

[Event "2026 European Womens Championship"]
[Site "Batumi, GE"]
[Date "2026.05.30"]
[Round "6"]
[White "Manukyan, Tamara"]
[Black "Avelino, Camila Biscaya"]
[Result "1/2-1/2"]
[Board "123"]
[TimeControl "5400+30"]
[WhiteFideId "13321307"]
[BlackFideId "1938975"]
[WhiteElo "1707"]
[BlackElo "1937"]
[BlackTitle "WFM"]
[WhiteClock "1:05:19"]
[BlackClock "0:17:34"]
[Variant "Standard"]

1. e4 e5 2. Nc3 Nc6 3. g3 g6 4. Bg2 Bg7 5. Nge2 Nge7 6. O-O O-O 7. d3 d6 8. Be3 Nd4 9. Qd2 c6 10. Rac1 b5 11. f4 Rb8 12. h3 f5 13. Nd1 d5 14. fxe5 Nxe2+ 15. Qxe2 dxe4 16. dxe4 Bxe5 17. exf5 Bxg3 18. Bxa7 Ra8 19. Bc5 Bd6 20. Bxd6 Qxd6 21. fxg6 Rxf1+ 22. Qxf1 Qxg6 23. Qd3 Qxd3 24. cxd3 Rxa2 25. Kh2 Bd7 26. Kg3 Kg7 27. Be4 h6 28. Rc2 Nf5+ 29. Kf4 Nd4 30. Rg2+ Kf7 31. Ke5 Nb3 32. Kd6 Bxh3 33. Rh2 Bg4 34. Ne3 h5 35. Kxc6 Nd4+ 36. Kc5 Ne6+ 37. Kxb5 Ke7 38. Nxg4 hxg4 39. Bd5 Nc7+ 40. Kc6 Nxd5 41. Kxd5 Ra5+ 42. Ke4 Rb5 43. d4 g3 44. Rg2 Rb3 45. Kd5 Kd7 46. Kc4 Rb8 47. b4 Rc8+ 48. Kd5 Rb8 49. Kc4 Rc8+ 50. Kb3 Rg8 51. Kc3 Rc8+ 52. Kd3 Rb8 53. Rxg3 Rxb4 54. Ke4 Rb5 55. d5 Rb1 56. Rg7+ Kd6 57. Rg6+ Kd7 58. Re6 Re1+ 59. Kf5 Rxe6 60. dxe6+ Ke7 61. Ke4 1/2-1/2

[Event "2026 European Womens Championship"]
[Site "Batumi, GE"]
[Date "2026.05.30"]
[Round "6"]
[White "Giorgadze, Mariam Ere"]
[Black "Saraci, Rinesa"]
[Result "1/2-1/2"]
[Board "124"]
[TimeControl "5400+30"]
[WhiteFideId "13636839"]
[BlackFideId "4701976"]
[WhiteElo "1909"]
[BlackElo "1754"]
[BlackTitle "WCM"]
[WhiteClock "0:23:01"]
[BlackClock "0:09:59"]
[Variant "Standard"]

1. e4 e5 2. Nf3 Nc6 3. Bc4 Bc5 4. c3 d6 5. d3 Nf6 6. O-O h6 7. Nbd2 O-O 8. h3 a6 9. Bb3 Re8 10. Re1 Be6 11. Bc2 Bb6 12. Nf1 Ne7 13. Ng3 Qc8 14. Nh2 Ng6 15. Nh5 Qd8 16. Nf1 Nxh5 17. Qxh5 Qf6 18. Be3 Nf4 19. Bxf4 Qxf4 20. Ne3 g6 21. Qd1 Kh7 22. Bb3 f5 23. g3 Qg5 24. h4 Qf6 25. Bxe6 Qxe6 26. Nd5 Rf8 27. Nxb6 cxb6 28. Kg2 f4 29. d4 Rad8 30. Qb3 Qg4 31. Rg1 f3+ 32. Kf1 Qxe4 33. Rh1 exd4 34. Qxb6 dxc3 35. Qc7+ Kg8 36. bxc3 Rfe8 37. Kg1 Qc6 38. Qa5 Qc5 39. Qxc5 dxc5 40. Kh2 Re2 41. Rhf1 Rdd2 42. g4 Rxa2 43. Kg3 Rxf2 44. Rxf2 Rxa1 45. Rxf3 Ra3 46. Kf4 b5 47. Rd3 b4 48. Rd8+ Kf7 49. cxb4 cxb4 50. Rb8 a5 51. Rb7+ Ke8 52. Rb6 Ra4 53. Ke5 g5 54. Rxh6 gxh4 55. Ke6 Kf8 56. Kf6 Kg8 57. Rg6+ Kf8 58. Rh6 Ke8 59. Ke6 1/2-1/2

[Event "2026 European Womens Championship"]
[Site "Batumi, GE"]
[Date "2026.05.30"]
[Round "6"]
[White "Rekhviashvili, Mariam"]
[Black "Ediberidze, Alexandra"]
[Result "1/2-1/2"]
[Board "125"]
[TimeControl "5400+30"]
[WhiteFideId "13635859"]
[BlackFideId "13636685"]
[WhiteElo "1836"]
[BlackElo "1638"]
[WhiteClock "0:50:24"]
[BlackClock "0:02:14"]
[Variant "Standard"]

1. e4 c6 2. d4 d5 3. Nc3 dxe4 4. Nxe4 Nf6 5. Nxf6+ exf6 6. c3 Bd6 7. Bd3 O-O 8. Qc2 Re8+ 9. Ne2 h6 10. O-O Qc7 11. h3 Nd7 12. Be3 Nf8 13. Rfe1 Ne6 14. Rad1 Bd7 15. Qd2 Ng5 16. Nf4 Re7 17. d5 Rae8 18. dxc6 Bxc6 19. Bh7+ Kxh7 20. Qxd6 Qxd6 21. Rxd6 Ne6 22. Nd5 Bxd5 23. Rxd5 b6 24. Red1 g6 25. Rd7 f5 26. g3 Ng5 27. Kg2 Ne4 28. Rd8 Nf6 29. R1d6 Rxd8 30. Rxd8 Re8 31. Rd6 Re6 32. Rd3 a6 33. Rd8 b5 34. Ra8 Nd5 35. Bd4 f6 36. Ra7+ Kg8 37. Rd7 Nb6 38. Rd8+ Kf7 39. b3 Rc6 40. Kf3 Nc8 41. Ke3 Ne7 42. Kd3 Rc8 43. Rxc8 Nxc8 44. c4 Ke6 45. Kc3 Kd6 46. Kb4 Kc6 47. Ka5 bxc4 48. bxc4 Kb7 49. Bxf6 Nd6 50. Kb4 Ne4 51. Bd4 Kc6 52. Be3 h5 53. h4 Nf6 54. Kc3 Ne4+ 55. Kd4 Kd6 56. f3 Nc5 57. Bc1 Ne6+ 58. Kc3 Kc5 59. Be3+ Kc6 60. Kb4 Nf8 61. c5 Ne6 62. a4 Nc7 63. Ka5 Kb7 64. Bd4 Nd5 65. c6+ Kxc6 66. Kxa6 Nb4+ 67. Ka7 Kc7 68. Bb6 Kc6 69. a5 Nd5 70. Bd4 Nb4 71. a6 Kb5 72. Kb7 Nxa6 73. Bf2 Nb4 74. Kc7 Kc4 75. Kd6 Kd3 76. Bc5 Nc2 77. Ke5 Ke2 78. Kf6 Kxf3 79. Kxg6 Kg4 80. Bd6 Nd4 1/2-1/2

[Event "2026 European Womens Championship"]
[Site "Batumi, GE"]
[Date "2026.05.30"]
[Round "6"]
[White "Chkhartishvili, Lika"]
[Black "Chighvaria, Ana"]
[Result "1/2-1/2"]
[Board "126"]
[TimeControl "5400+30"]
[WhiteFideId "13635166"]
[BlackFideId "13628666"]
[WhiteElo "1822"]
[BlackElo "1518"]
[WhiteClock "0:09:08"]
[BlackClock "0:00:54"]
[Variant "Standard"]

1. e4 c5 2. Nf3 Nc6 3. d4 cxd4 4. Nxd4 Nf6 5. Nc3 g6 6. Nxc6 dxc6 7. Qxd8+ Kxd8 8. Bf4 Be6 9. O-O-O+ Ke8 10. Be2 Bg7 11. Be5 Kf8 12. Kb1 Nd7 13. Bxg7+ Kxg7 14. f4 h5 15. Rhf1 f5 16. h3 Nf6 17. exf5 Bxf5 18. Rfe1 Rad8 19. Bd3 Kf7 20. Bc4+ e6 21. Ne2 Rxd1+ 22. Rxd1 Be4 23. Nd4 Bd5 24. Bxd5 exd5 25. Nf3 Re8 26. Ne5+ Kg7 27. Rd3 Nd7 28. Nf3 Re2 29. Rd2 Re4 30. Rd4 Re2 31. Rd2 Re4 32. g3 Nc5 33. Kc1 Re3 34. Ng5 Re1+ 35. Rd1 Rxd1+ 36. Kxd1 Kf6 37. Ke2 Na4 38. b3 Nc3+ 39. Kd2 Nb5 40. Ke3 Nd6 41. g4 c5 42. a4 b6 43. Nf3 Nf7 44. Ne1 Nd6 45. Nd3 Nf7 46. Kf3 hxg4+ 47. hxg4 Ke6 48. Ke3 Kf6 49. a5 Ke6 50. axb6 axb6 51. Nb2 Nd6 52. Na4 Nc8 53. Kf3 Kf6 54. Kg3 Ke6 55. Kh3 Kf7 56. Kg3 Ke6 57. Kf3 Kf6 58. Nc3 Ne7 59. Na4 Nc8 60. Ke3 Ke6 61. Kd3 Kd6 62. Nc3 Ne7 63. Ne2 Nc6 64. Ng3 Nb4+ 65. Kd2 Nc6 66. Ne2 Ne7 67. Ng1 Nc6 68. Nf3 Ke6 69. Ke3 Kf6 70. c3 Ke6 71. Nh4 Kf6 72. Nf3 Ke6 73. Ne1 Ne7 74. Nd3 Nc6 75. Kd2 Kf6 76. Kc2 Ke6 77. Kb2 c4 78. bxc4 dxc4 79. Nf2 Kd5 80. Kc2 Ne7 81. Kd2 Ng8 82. Ke3 Nf6 83. Kf3 b5 84. Nd1 Ke6 85. Ne3 Nd7 86. Nc2 Kd5 87. Nb4+ Ke6 88. Nc6 Kd6 89. Nd4 Kc5 90. Ne6+ Kd5 91. Nc7+ Kc6 92. Ne6 Kd5 93. Nc7+ 1/2-1/2